[Event "Team 45 45 League T48"]
[Site "Internet Chess Club"]
[Date "2011.02.12"]
[Round "1"]
[White "kabindra"]
[Black "fishhead"]
[Result "1-0"]
[WhiteElo "1760"]
[BlackElo "1835"]
[Opening "Petrov's defense"]
[ECO "C42"]
[Time "14:01:05"]
[TimeControl "2700+45"]

1. e4 e5 2. Nf3 Nf6 3. Nxe5 d6 4. Nf3 Nxe4 5. Bc4 d5 6. Bb3 Be7 7. d3 Nc5 8. O-O
O-O 9. Nc3 Nxb3 10. axb3 Nc6 11. h3 h6 12. Bf4 a6 13. Re1 Bf6 14. d4 Bf5 15. Ne5
Nb4 16. Rc1 Re8 17. Qh5 Bg6 18. Nxg6 Rxe1+ 19. Rxe1 fxg6 20. Qxg6 Nxc2 21. Qxc2
{Black resigns} 1-0

[Event "Team 45 45 League T48"]
[Site "Internet Chess Club"]
[Date "2011.02.13"]
[Round "1"]
[White "OxidisedLizard"]
[Black "loserloser"]
[Result "0-1"]
[WhiteElo "1882"]
[BlackElo "1816"]
[Opening "Scandinavian defense"]
[ECO "B01"]
[Time "10:30:39"]
[TimeControl "2700+45"]

1. e4 d5 2. exd5 Nf6 3. Bb5+ Bd7 4. Bc4 Bg4 5. f3 Bf5 6. g4 Bc8 7. Nc3 c6 8.
dxc6 Nxc6 9. Nge2 e5 10. d3 Bc5 11. Bg5 Qb6 12. Na4 Qa5+ 13. c3 Be7 14. Qb3 O-O
15. O-O-O Rb8 16. Bb5 Be6 17. Bc4 Bd7 18. Bb5 a6 19. Bxc6 bxc6 20. Qc2 c5 21. b3
c4 22. d4 Bxa4 23. bxa4 Ba3+ 24. Kd2 Rb2 25. Qxb2 Bxb2 26. Rb1 Bxc3+ 27. Nxc3
exd4 28. Bxf6 Qxc3+ 29. Ke2 Qe3+ {White resigns} 0-1

[Event "Team 45 45 League T48"]
[Site "Internet Chess Club"]
[Date "2011.02.12"]
[Round "1"]
[White "Muravey"]
[Black "parrot9"]
[Result "0-1"]
[WhiteElo "1664"]
[BlackElo "1610"]
[Opening "Sicilian: Najdorf, Lipnitzky attack"]
[ECO "B86"]
[Time "09:01:00"]
[TimeControl "2700+45"]

1. e4 c5 2. Nf3 d6 3. d4 cxd4 4. Nxd4 Nf6 5. Nc3 a6 6. Bc4 e6 7. O-O Qc7 8. Bb3
Be7 9. f4 O-O 10. Qe2 Nc6 11. Nxc6 bxc6 12. e5 Nd5 13. Bd2 Bb7 14. Nxd5 cxd5 15.
Bc3 Qc5+ 16. Qf2 Qxf2+ 17. Kxf2 dxe5 18. Bxe5 Bc5+ 19. Ke2 a5 20. Kd2 a4 21. f5
axb3 22. f6 Rxa2 23. fxg7 Rfa8 24. Rxa2 bxa2 25. Ra1 Be7 26. Kc3 f6 27. Bf4 e5
28. Bh6 d4+ 29. Kb3 Bd5+ 30. c4 dxc3+ 31. Kxc3 Bc5 32. g3 Bd4+ 33. Kc2 Be4+ 34.
Kb3 Bd5+ 35. Kc2 Kf7 36. g4 Kg6 37. Bd2 Kxg7 38. g5 f5 39. h4 f4 40. h5 f3 41.
h6+ Kg6 42. Kd3 Bxb2 43. Bc3 Bxa1 44. Bxa1 f2 45. Ke2 Bc4+ 46. Kxf2 e4 47. Ke3
Re8 48. Bf6 Re6 49. Bg7 Kxg5 50. Kf2 e3+ 51. Ke1 Kf4 52. Bf8 a1=Q# {White
checkmated} 0-1

[Event "Team 45 45 League T48"]
[Site "Internet Chess Club"]
[Date "2011.02.12"]
[Round "1"]
[White "tsia68"]
[Black "alexping"]
[Result "1/2-1/2"]
[WhiteElo "1933"]
[BlackElo "2003"]
[Opening "Réti: King's Indian attack, French variation"]
[ECO "C00"]
[Time "13:09:42"]
[TimeControl "2700+45"]

1. e4 e6 2. d3 d5 3. Nd2 c5 4. g3 Nf6 5. Ngf3 Nc6 6. Bg2 Be7 7. O-O O-O 8. Re1
Qc7 9. e5 Nd7 10. Qe2 a5 11. Nf1 b5 12. h4 Re8 13. Bf4 Qb6 14. N1h2 f5 15. exf6
Bxf6 16. Rab1 Ra7 17. Ng4 Nf8 18. Nge5 Nxe5 19. Nxe5 Nd7 20. Qh5 Re7 21. Bh3
Nxe5 22. Bxe5 Bd7 23. Re2 Bxe5 24. Rxe5 Rf7 25. Rbe1 Rf6 26. Bxe6+ Bxe6 27. Qe8+
Rf8 28. Qxe6+ Qxe6 29. Rxe6 c4 30. dxc4 bxc4 31. Rd1 Rb7 32. b3 cxb3 33. cxb3 a4
34. bxa4 Rb2 35. f4 Rc8 36. Kf1 Rcc2 37. Rxd5 Rf2+ 38. Kg1 Rg2+ 39. Kf1 Rgf2+
40. Kg1 Rg2+ 41. Kf1 Rbf2+ 42. Ke1 Rxa2 43. Kf1 Rgf2+ 44. Kg1 Rg2+ 45. Kf1 Rh2
46. Kg1 Rag2+ 47. Kf1 Rf2+ 48. Kg1 Rhg2+ 49. Kh1 Rh2+ 50. Kg1 Rhg2+ 51. Kh1 Rxg3
52. Rd8+ Kf7 53. Rde8 Rxf4 54. R8e7+ Kf8 55. Re8+ Kf7 56. R8e7+ Kg8 57. Re8+ Rf8
58. Rxf8+ Kxf8 59. Re4 Kf7 60. Kh2 Ra3 61. Rg4 g6 62. Kg2 h6 63. Kf2 Kf6 64. Kg2
Kf5 65. Rb4 Ra2+ 66. Kg3 Ra3+ 67. Kg2 g5 68. hxg5 hxg5 69. Rb5+ Kf4 70. Rb4+ Kf5
71. Rb5+ Kg4 72. Rb4+ Kh5 73. Rc4 Rb3 74. a5 Ra3 75. Rc5 Kh4 76. a6 Rxa6 77. Rc3
Ra2+ 78. Kg1 Ra1+ 79. Kg2 Ra2+ 80. Kg1 Ra4 81. Kg2 Rg4+ 82. Kh2 Rb4 83. Kg2 Rg4+
84. Kh2 Rb4 85. Kg2 Rb2+ 86. Kg1 Rb1+ 87. Kg2 Rb2+ 88. Kg1 g4 89. Ra3 Rb1+ 90.
Kg2 Rb2+ 91. Kg1 Re2 92. Rb3 Re4 93. Kg2 Re2+ 94. Kg1 Re1+ 95. Kg2 Re2+ 96. Kg1
Rd2 97. Ra3 Rd5 98. Kg2 Rb5 99. Rc3 Ra5 100. Rb3 Ra4 101. Rc3 Rd4 102. Ra3 Rd2+
103. Kg1 Kg5 104. Rb3 Rd4 105. Kg2 Kf4 106. Ra3 Rd2+ 107. Kg1 Re2 108. Rb3 Re1+
109. Kg2 Ra1 110. Rb4+ Kg5 111. Rb3 Kh4 112. Rc3 Ra4 113. Rb3 g3 114. Rb8 Ra2+
115. Kg1 Ra1+ 116. Kg2 Ra2+ 117. Kg1 Ra5 118. Rh8+ Kg4 119. Rg8+ Kf4 120. Rf8+
Rf5 121. Rxf5+ Kxf5 122. Kg2 Kf4 123. Kg1 {Game drawn by mutual agreement}
1/2-1/2

[Event "Team 45 45 League T48"]
[Site "Internet Chess Club"]
[Date "2011.02.13"]
[Round "1"]
[White "MontanaSky"]
[Black "Eyechess"]
[Result "0-1"]
[WhiteElo "1807"]
[BlackElo "1889"]
[Opening "English opening"]
[ECO "A16"]
[Time "20:00:16"]
[TimeControl "2700+45"]

1. c4 Nf6 2. Nc3 c6 3. e4 d5 4. cxd5 cxd5 5. e5 Ne4 6. Nxe4 dxe4 7. Qa4+ Bd7 8.
Qxe4 Bc6 9. Qe3 e6 10. Nf3 Be7 11. Be2 Nd7 12. O-O O-O 13. d4 Qb6 14. a3 Bd5 15.
b4 Rfc8 16. Bd2 Rc6 17. b5 Rcc8 18. Rfc1 Nf8 19. Rc3 Rxc3 20. Qxc3 a6 21. a4
axb5 22. Bxb5 Bxf3 23. gxf3 Ng6 24. Be3 Nh4 25. d5 Nxf3+ 26. Kh1 Qa5 27. Qxa5
Rxa5 28. d6 Bh4 29. Rc1 Ra8 30. d7 Rf8 31. Rc8 Nxe5 32. Bc5 Rd8 33. Bb6 Rf8 34.
d8=Q Bxd8 35. Rxd8 Rxd8 36. Bxd8 h6 37. Kg2 Kf8 38. Bb6 Ke7 39. Bc5+ Kf6 40. Bd4
Kf5 41. a5 Ng6 42. Bd7 Nh4+ 43. Kg3 Ke4 44. Bb6 Nf5+ 45. Kg4 Kd5 46. Be8 Nd6 47.
Ba4 g6 48. Bb3+ Kc6 49. f3 Kb5 50. Bc7 Nf5 51. Bb6 Nd6 52. f4 Nc8 53. Bd8 Na7
54. h4 Nc6 55. Bc7 Nxa5 56. Bxa5 Kxa5 57. h5 gxh5+ 58. Kxh5 Kb4 59. Bc2 Kc3 60.
Bh7 f6 61. Bg8 e5 62. f5 e4 63. Bd5 e3 64. Bf3 b5 65. Kg6 b4 66. Kxf6 b3 67. Kg7
b2 68. Be4 e2 69. f6 e1=Q 70. Bg6 Qe5 71. Bb1 h5 72. Kg6 h4 73. f7 Qe6+ 74. Kg7
Qxf7+ 75. Kxf7 h3 {White resigns} 0-1

[Event "Team 45 45 League T48"]
[Site "Internet Chess Club"]
[Date "2011.02.10"]
[Round "1"]
[White "Duguesclin"]
[Black "misuc56"]
[Result "1/2-1/2"]
[WhiteElo "1657"]
[BlackElo "1816"]
[Opening "Queen's gambit declined"]
[ECO "D30"]
[Time "12:00:33"]
[TimeControl "2700+45"]

1. d4 d5 2. c4 e6 3. Nf3 f5 4. Bg5 Nf6 5. e3 c6 6. Nc3 Bd6 7. c5 Bc7 8. Be2 O-O
9. O-O h6 10. Bf4 Nbd7 11. Ne5 Nxe5 12. Bxe5 Bxe5 13. dxe5 Nd7 14. Qd4 Qe7 15.
b4 a6 16. g3 Kh7 17. f4 Rg8 18. Kf2 Nf8 19. a4 Bd7 20. b5 axb5 21. axb5 Rxa1 22.
Rxa1 cxb5 23. Bxb5 Bxb5 24. Nxb5 Nd7 25. Nd6 Nb8 26. Qb4 Qc7 27. Ra7 Na6 28.
Qxb7 Qxc5 29. Rxa6 Qc2+ 30. Kf3 Qd1+ 31. Kf2 Qd2+ 32. Kf3 Qd1+ 33. Kf2 Qd2+ 34.
Kf3 Qd1+ 35. Kf2 {Game drawn by repetition} 1/2-1/2

[Event "Team 45 45 League T48"]
[Site "Internet Chess Club"]
[Date "2011.02.11"]
[Round "1"]
[White "rubo"]
[Black "room-matt"]
[Result "0-1"]
[WhiteElo "1697"]
[BlackElo "1658"]
[Opening "Bird: From gambit, Lasker variation"]
[ECO "A02"]
[Time "14:41:25"]
[TimeControl "2700+45"]

1. f4 e5 2. fxe5 d6 3. exd6 Bxd6 4. Nf3 g5 5. d4 g4 6. Ng5 f5 7. e4 h6 8. e5 Be7
9. Nh3 gxh3 10. Qh5+ Kf8 11. Bc4 Rh7 12. c3 Bg5 13. Nd2 hxg2 14. Rg1 Bh4+ 15.
Kd1 Qg5 16. Qe2 Rg7 17. Nf3 Qg4 18. Nxh4 Qxh4 19. Rxg2 Rxg2 20. Qxg2 Ne7 21. b3
Nbc6 22. Ba3 Qg5 23. Qd5 Qh5+ 24. Ke1 Ke8 25. Bxe7 Nxe7 26. Qg2 Qg6 27. Kf2
Qxg2+ 28. Kxg2 c6 29. Rg1 b5 30. Be2 Be6 31. Kf2 Kf8 32. c4 b4 33. Ke3 a5 34.
Bf3 Bf7 35. Rd1 Rc8 36. Kf4 Kg7 37. Rg1+ Kh7 38. Re1 Be6 39. Ke3 Ng6 40. Bh5 f4+
41. Kf2 Rf8 42. Bf3 Ne7 43. Rd1 Rd8 44. Rd2 Bf5 45. d5 cxd5 46. cxd5 Ng6 47. Re2
Bd3 48. Rd2 Nxe5 49. Bh1 Ng4+ 50. Kf3 Rxd5 51. Kxf4 Rd4+ 52. Kg3 h5 53. h3 Ne5
54. Bg2 Kg6 55. Bf1 Kg5 56. Be2 h4+ 57. Kf2 Kf4 58. Bf1 Rd6 59. Be2 Ke4 60. Bf1
Rf6+ {White resigns} 0-1

[Event "Team 45 45 League T48"]
[Site "Internet Chess Club"]
[Date "2011.02.15"]
[Round "1"]
[White "cityprosecutor"]
[Black "BlackHorse"]
[Result "0-1"]
[WhiteElo "1734"]
[BlackElo "1953"]
[Opening "Pirc: classical, h3 system"]
[ECO "B08"]
[Time "18:01:27"]
[TimeControl "2700+45"]

1. e4 d6 2. d4 Nf6 3. Nc3 g6 4. Nf3 Bg7 5. h3 O-O 6. Be3 c5 7. dxc5 Qa5 8. Nd2
dxc5 9. Nb3 Qc7 10. Nxc5 b6 11. Nd3 e5 12. Qd2 Nc6 13. f3 Rd8 14. Bg5 Be6 15.
Qf2 h6 16. Be3 Rac8 17. Nb5 Qe7 18. c3 Rd7 19. Qg3 Rcd8 20. Nf2 Nh5 21. Qh2 Qh4
22. Be2 Ng3 23. Rg1 Nxe2 24. Kxe2 Bc4+ {White resigns} 0-1

[Event "Team 45 45 League T48"]
[Site "Internet Chess Club"]
[Date "2011.02.14"]
[Round "1"]
[White "BuddyT"]
[Black "zap2"]
[Result "1/2-1/2"]
[WhiteElo "1774"]
[BlackElo "1803"]
[Opening "Queen's Indian defense"]
[ECO "A47"]
[Time "14:03:25"]
[TimeControl "2700+45"]

1. d4 Nf6 2. Nf3 b6 3. Bg5 e6 4. e4 Be7 5. Nbd2 Bb7 6. Bd3 O-O 7. O-O d6 8. Qe2
Nbd7 9. e5 dxe5 10. dxe5 Nd5 11. Qe4 g6 12. Qh4 Nxe5 13. Be4 c6 14. Bxd5 Bxg5
15. Nxg5 h5 16. Bxe6 Qxd2 17. Bb3 Rad8 18. Ne4 Qh6 19. Nf6+ Kg7 20. Rae1 Nd7 21.
Ne4 Ba6 22. Nd6 g5 23. Nf5+ Kh7 24. Qe4 Qg6 25. c4 Nc5 26. Qf3 Nxb3 27. axb3 Bc8
28. Ne7 Qh6 29. Qxc6 Qxc6 30. Nxc6 Rd2 31. Nxa7 Be6 32. Nc6 Rc8 33. Ne5 Rxb2 34.
Nf3 Kh6 35. Nd4 Re8 36. f4 g4 37. f5 Bd7 38. Rxe8 Bxe8 39. Re1 Rd2 40. Rxe8 Rxd4
41. Re5 h4 42. Rd5 Rf4 43. g3 hxg3 44. hxg3 Rf3 45. Kg2 Rxb3 46. Rd7 f6 47. Rf7
Kg5 48. Rb7 Kxf5 49. c5 b5 50. c6 Ke6 51. Rg7 f5 52. Rg6+ Kf7 53. c7 Rc3 54. Rb6
Rc2+ 55. Kg1 Rxc7 56. Rxb5 Ke6 57. Kf2 Rc3 58. Ra5 Rf3+ 59. Kg2 Rd3 60. Kf2 Rd5
61. Ra3 Ke5 62. Ke3 Kf6 63. Ra6+ Kg5 64. Ra4 Rb5 65. Ra3 Rb4 66. Kf2 Rb2+ 67.
Kg1 Rc2 68. Rb3 Re2 69. Kf1 Rh2 70. Kg1 Rd2 71. Ra3 Kf6 72. Re3 f4 73. gxf4 Kf5
74. Ra3 Kxf4 75. Rb3 Kg5 76. Ra3 Kh4 77. Rb3 Ra2 78. Rc3 Rb2 79. Ra3 g3 80. Ra8
Kh3 81. Rh8+ Kg4 82. Rg8+ Kf3 83. Rf8+ {Game drawn by mutual agreement} 1/2-1/2

[Event "Team 45 45 League T48"]
[Site "Internet Chess Club"]
[Date "2011.02.11"]
[Round "1"]
[White "Atlantis"]
[Black "parpin"]
[Result "1/2-1/2"]
[WhiteElo "1843"]
[BlackElo "1752"]
[Opening "QGD: classical variation (5.Bf4)"]
[ECO "D37"]
[Time "12:00:37"]
[TimeControl "2700+45"]

1. d4 d5 2. c4 e6 3. Nf3 Nf6 4. Nc3 Be7 5. Bf4 c6 6. e3 O-O 7. Bd3 Nbd7 8. O-O
b6 9. h3 Bb7 10. cxd5 Nxd5 11. Nxd5 exd5 12. Rc1 c5 13. b3 Rc8 14. Qe2 Nf6 15.
Bf5 Ra8 16. Rfd1 a5 17. Be5 a4 18. Bxf6 Bxf6 19. dxc5 bxc5 20. Rxc5 {Game drawn
by mutual agreement} 1/2-1/2

[Event "Team 45 45 League T48"]
[Site "Internet Chess Club"]
[Date "2011.02.09"]
[Round "1"]
[White "wrimle"]
[Black "sbaker831"]
[Result "1/2-1/2"]
[WhiteElo "1625"]
[BlackElo "1674"]
[Opening "Sicilian: chameleon variation"]
[ECO "B23"]
[Time "16:00:18"]
[TimeControl "2700+45"]

1. e4 c5 2. Nc3 Nc6 3. Nge2 d6 4. g3 g6 5. Bg2 Bg7 6. O-O e6 7. d3 Nge7 8. Be3
O-O 9. Qd2 Nd4 10. Rac1 Nxe2+ 11. Qxe2 Rb8 12. Qd2 d5 13. Bxc5 b6 14. Bxe7 Qxe7
15. exd5 exd5 16. Nxd5 Qc5 17. c3 Rd8 18. Ne3 Ba6 19. d4 Bxf1 20. Kxf1 Qh5 21.
Kg1 Rbc8 22. d5 Bh6 23. Qd1 Bxe3 24. Qxh5 Bxf2+ 25. Kxf2 gxh5 26. Rd1 Rc5 27.
Rd4 Kg7 28. Ke3 Re8+ 29. Kd3 Re1 30. d6 Rd1+ 31. Ke4 Rxd4+ 32. Kxd4 Kf6 33. Bh3
Rc6 34. Kd5 Rc5+ 35. Kd4 a5 {Game drawn by mutual agreement} 1/2-1/2

[Event "Team 45 45 League T48"]
[Site "Internet Chess Club"]
[Date "2011.02.13"]
[Round "1"]
[White "QueensCounselor"]
[Black "imgr8"]
[Result "1-0"]
[WhiteElo "2145"]
[BlackElo "2104"]
[Opening "Sicilian: Labourdonnais-Löwenthal (Kalashnikov) variation"]
[ECO "B32"]
[Time "10:07:26"]
[TimeControl "2700+45"]

1. e4 c5 2. Nf3 Nc6 3. d4 cxd4 4. Nxd4 e5 5. Nb5 d6 6. N1c3 a6 7. Na3 b5 8. Nd5
Nge7 9. c4 Nd4 10. Be3 Nxd5 11. cxd5 Be7 12. Bd3 O-O 13. O-O Bb7 14. Qd2 f5 15.
Bxd4 exd4 16. Nc2 Bf6 17. Nb4 Rc8 18. Rac1 Qa5 19. a3 Rc5 20. Rc2 Rfc8 21. Rfc1
Kh8 22. Qf4 fxe4 23. Qxe4 g6 24. Nc6 Rxc2 25. Rxc2 Qb6 26. Qe6 Bg7 27. Qxd6 Qc7
28. Qe6 Qf4 29. Qd7 Qc7 30. Qe6 Qf4 31. Ne7 Rf8 32. Bxg6 Qg5 33. Bd3 Re8 34.
Ng6+ hxg6 35. Qxe8+ Kh7 36. g3 Bxd5 37. Rc7 Bf3 38. Qf7 Qe5 39. Qxg6+ {Black
resigns} 1-0

[Event "Team 45 45 League T48"]
[Site "Internet Chess Club"]
[Date "2011.02.09"]
[Round "1"]
[White "jefferyx"]
[Black "fledermaus"]
[Result "1/2-1/2"]
[WhiteElo "2003"]
[BlackElo "1899"]
[Opening "Catalan: closed"]
[ECO "E01"]
[Time "18:25:36"]
[TimeControl "2700+45"]

1. d4 d5 2. c4 e6 3. g3 Nf6 4. Bg2 Bb4+ 5. Bd2 Be7 6. Nf3 c6 7. O-O O-O 8. Qc2
Nbd7 9. Bf4 Nh5 10. Bc1 f5 11. b3 Ndf6 12. Ne5 Bd7 13. Ba3 Bxa3 14. Nxa3 Qe7 15.
Nb1 Ne4 16. Nd2 Be8 17. f3 Nxd2 18. Qxd2 Nf6 19. c5 Nd7 20. Nxd7 Bxd7 21. e4
dxe4 22. fxe4 e5 23. exf5 exd4 24. Qxd4 Rxf5 25. Rxf5 Bxf5 26. Rf1 Be6 27. Re1
Qd7 28. Rd1 Rd8 29. Qxd7 Rxd7 30. Rxd7 Bxd7 31. Kf2 Be6 32. Ke3 Kf7 33. Kd4 Kf6
34. Bf3 h6 35. Bd1 Bd5 36. a4 a5 37. Kc3 Ke5 38. b4 axb4+ 39. Kxb4 Kd4 40. Bg4
Bc4 41. h4 g5 42. hxg5 hxg5 43. Bc8 Ba6 44. Be6 Be2 45. Bc8 Ba6 46. g4 Kd5 47.
Bf5 Kd4 48. Be6 Be2 49. Bc8 {Game drawn by mutual agreement} 1/2-1/2

[Event "Team 45 45 League T48"]
[Site "Internet Chess Club"]
[Date "2011.02.12"]
[Round "1"]
[White "jonesey"]
[Black "Tadiran"]
[Result "1-0"]
[WhiteElo "2045"]
[BlackElo "1933"]
[Opening "French: Rubinstein variation"]
[ECO "C03"]
[Time "11:01:17"]
[TimeControl "2700+45"]

1. e4 e6 2. d4 d5 3. Nd2 dxe4 4. Nxe4 Nd7 5. Nf3 Ngf6 6. Bd3 c5 7. Qe2 cxd4 8.
Nxd4 Nc5 9. Nxc5 Qxd4 10. Bb5+ Bd7 11. Nxd7 Nxd7 12. Be3 Qxb2 13. Bxd7+ Kxd7 14.
O-O Qc3 15. Qf3 Ke8 16. Qxb7 Qc8 17. Rab1 Qxb7 18. Rxb7 a5 19. Rd1 Rc8 20. Bb6
Be7 21. Bxa5 h5 22. Kf1 Rh6 23. Rdd7 Bf8 24. Rxf7 Rxc2 25. Rfc7 Rxc7 26. Bxc7
Rg6 27. a4 Kd7 28. a5 Kc6 29. a6 Rg5 30. Bd8 Rd5 31. Rb6+ Kd7 32. a7 Rd1+ 33.
Ke2 Ra1 34. Rb7+ Kc6 35. Rc7+ Kd5 36. Be7 Bxe7 37. Rxe7 g5 38. g3 Ra3 39. Rg7 g4
40. Rg5+ Ke4 41. Rg7 Kd5 42. Kf1 Kd6 43. Rh7 Ra5 44. Ke2 Ra3 45. Kd2 Kc6 46. Kc2
Kb6 47. Kb2 Rxa7 48. Rxa7 Kxa7 49. Kc3 Kb6 50. Kd4 Kc6 51. Ke5 Kd7 52. Kf6
{Black resigns} 1-0

[Event "Team 45 45 League T48"]
[Site "Internet Chess Club"]
[Date "2011.02.13"]
[Round "1"]
[White "irock"]
[Black "fishhead"]
[Result "1-0"]
[WhiteElo "1807"]
[BlackElo "1804"]
[Opening "Pirc: classical (two knights) system"]
[ECO "B08"]
[Time "19:49:07"]
[TimeControl "2700+45"]

1. e4 Nf6 2. Nc3 d6 3. d4 g6 4. Nf3 Bg7 5. Be3 Nbd7 6. Bc4 c6 7. Bb3 e5 8. dxe5
dxe5 9. Qd6 Qe7 10. Qxe7+ Kxe7 11. O-O h6 12. Rad1 Re8 13. Nxe5 Nxe4 14. Nxg6+
fxg6 15. Nxe4 b6 16. Nd6 Rf8 17. Rfe1 Kd8 18. Nf7+ Kc7 19. Bf4+ Kb7 20. Bxh6
Bxh6 21. Nxh6 Nc5 22. Nf7 Ka6 23. Ne5 Rf6 24. Nd3 Nxb3 25. axb3 b5 26. Rd2 Kb6
27. Red1 Bb7 28. Ne5 Re6 29. Nd7+ Kc7 30. Nc5 Re7 31. Rd7+ {Black resigns} 1-0

[Event "Team 45 45 League T48"]
[Site "Internet Chess Club"]
[Date "2011.02.09"]
[Round "1"]
[White "KingDestroyer"]
[Black "mjysong"]
[Result "1/2-1/2"]
[WhiteElo "2218"]
[BlackElo "1689"]
[Opening "Ruy Lopez: closed, anti-Marshall 8.a4"]
[ECO "C88"]
[Time "17:00:24"]
[TimeControl "2700+45"]

1. e4 e5 2. Nf3 Nc6 3. Bb5 a6 4. Ba4 Nf6 5. O-O Be7 6. Re1 b5 7. Bb3 O-O 8. a4
Bb7 9. d3 d6 10. Nbd2 Re8 11. Nf1 Nb8 12. Ne3 g6 13. c3 Nbd7 14. Ba2 Bf8 15. h3
bxa4 16. Qxa4 Nc5 17. Qc4 Ne6 18. b4 Bg7 19. Qb3 Qd7 20. Nc4 Rab8 21. Qa3 Nh5
22. g3 Kh8 23. Na5 Ba8 24. Bd5 Bxd5 25. exd5 Nd8 26. Kg2 Qb5 27. Qa4 Nf6 28.
Qxb5 axb5 {Game drawn by mutual agreement} 1/2-1/2

[Event "Team 45 45 League T48"]
[Site "Internet Chess Club"]
[Date "2011.02.13"]
[Round "1"]
[White "littleplotkin"]
[Black "bwang88"]
[Result "0-1"]
[WhiteElo "1714"]
[BlackElo "1926"]
[Opening "Sicilian: Grand Prix attack"]
[ECO "B23"]
[Time "20:57:15"]
[TimeControl "2700+45"]

1. e4 c5 2. Nc3 Nc6 3. f4 g6 4. Bc4 Bg7 5. Nf3 e6 6. O-O Nge7 7. Re1 O-O 8. d3
d5 9. Bb3 a6 10. a4 b6 11. e5 Bb7 12. d4 Nf5 13. Be3 Qc7 14. g4 Nxe3 15. Rxe3
Rfc8 16. Kg2 Bf8 17. f5 cxd4 18. Nxd4 Nxd4 19. Qxd4 Bc5 20. Qf4 Bxe3 21. Qxe3
d4+ {White resigns} 0-1

[Event "Team 45 45 League T48"]
[Site "Internet Chess Club"]
[Date "2011.02.11"]
[Round "1"]
[White "brgdgaf"]
[Black "Camden772"]
[Result "1-0"]
[WhiteElo "1882"]
[BlackElo "1750"]
[Opening "Queen's pawn game, Chigorin variation"]
[ECO "D02"]
[Time "22:31:35"]
[TimeControl "2700+45"]

1. d4 d5 2. Nf3 Nc6 3. c4 Bg4 4. cxd5 Bxf3 5. gxf3 Qxd5 6. e3 e5 7. Nc3 Bb4 8.
Bd2 Bxc3 9. bxc3 Nf6 10. c4 Qd7 11. d5 Ne7 12. Bc3 Ng6 13. h4 h5 14. Bh3 Qd6 15.
Qa4+ c6 16. Bb4 Qc7 17. Rd1 a5 18. d6 Qb6 19. d7+ Kd8 20. Bd6 Nxh4 21. Qa3 Ng6
22. Bf5 c5 23. Bxc5 Qc6 24. Rd6 Qxf3 25. Bb6+ {Black resigns} 1-0

[Event "Team 45 45 League T48"]
[Site "Internet Chess Club"]
[Date "2011.02.13"]
[Round "1"]
[White "Gregorio"]
[Black "Phosphorus"]
[Result "1/2-1/2"]
[WhiteElo "2042"]
[BlackElo "2113"]
[Opening "English: Anglo-Dutch defense"]
[ECO "A10"]
[Time "11:05:02"]
[TimeControl "2700+45"]

1. c4 f5 2. g3 Nf6 3. Bg2 e6 4. Nc3 d5 5. d4 c6 6. Nf3 Bd6 7. b3 Nbd7 8. Ng5 Qe7
9. f4 O-O 10. c5 Bc7 11. e3 h6 12. Nf3 Ba5 13. Bd2 b6 14. cxb6 axb6 15. Ne2 Ng4
16. O-O Ba6 17. h3 Bxd2 18. Qxd2 Ngf6 19. Rfc1 Ne4 20. Qe1 Bxe2 21. Qxe2 Rfc8
22. Kh2 Qb4 23. Rc2 c5 24. Rac1 Re8 25. Ne1 Ndf6 26. Nd3 Qb5 27. dxc5 bxc5 28.
Nxc5 Qxe2 29. Rxe2 Rec8 30. Nd3 Rc3 31. Rd1 Rac8 32. b4 Ra3 33. Rb2 Rca8 34. Nc1
Rxe3 35. b5 Rxg3 36. Nb3 Rxa2 37. Rxa2 Rxb3 38. Ra8+ Kf7 39. Ra7+ Kg6 40. Bf1
Nc3 41. Bd3 Nxb5 42. Rg1+ Kh5 43. Be2+ Kh4 44. Raxg7 Rxh3+ 45. Kg2 Nd4 46. Bd1
Ng4 47. Bxg4 fxg4 48. Kf2 h5 49. Rd1 Rf3+ 50. Kg2 Nf5 51. Rh1+ Rh3 52. Rg6 Rxh1
53. Kxh1 Kg3 54. Rxe6 Kxf4 55. Re8 h4 56. Rf8 d4 57. Kg2 h3+ 58. Kh2 d3 59. Rd8
Ke3 60. Re8+ Kf2 61. Rf8 d2 62. Rxf5+ Ke3 63. Rd5 Ke2 64. Re5+ Kf3 65. Rd5 Ke2
{Game drawn by mutual agreement} 1/2-1/2

[Event "Team 45 45 League T48"]
[Site "Internet Chess Club"]
[Date "2011.02.12"]
[Round "1"]
[White "MASTERCHEF"]
[Black "MeanMrMustard"]
[Result "0-1"]
[WhiteElo "1741"]
[BlackElo "1837"]
[Opening "French: King's Indian attack"]
[ECO "C00"]
[Time "23:17:38"]
[TimeControl "2700+45"]

1. e4 e6 2. d3 d5 3. Nd2 Nf6 4. Ngf3 Be7 5. g3 b6 6. Bg2 Bb7 7. Qe2 O-O 8. O-O
c5 9. Re1 Nc6 10. e5 Nd7 11. Nf1 Qc7 12. Bf4 Rac8 13. h4 Nd4 14. Nxd4 cxd4 15.
Rac1 Nc5 16. Nh2 Na4 17. Qh5 Bb4 18. c3 dxc3 19. Ng4 Qe7 20. Bg5 f6 21. exf6
gxf6 22. Nh6+ Kh8 23. Nf5 Qd7 24. Nh6 fxg5 25. Bh3 cxb2 26. Rxc8 Qxc8 27. Qxg5
Qd8 28. Qe5+ Qf6 29. Qxf6+ Rxf6 30. Ng4 Bxe1 {White resigns} 0-1

[Event "Team 45 45 League T48"]
[Site "Internet Chess Club"]
[Date "2011.02.12"]
[Round "1"]
[White "ghostfire"]
[Black "Celtics"]
[Result "0-1"]
[WhiteElo "1694"]
[BlackElo "1644"]
[Opening "QGD Slav: 3.Nf3"]
[ECO "D11"]
[Time "21:00:33"]
[TimeControl "2700+45"]

1. d4 d5 2. c4 c6 3. Nf3 Bf5 4. Nc3 Nf6 5. cxd5 cxd5 6. Qb3 b6 7. Ne5 e6 8. Bg5
Be7 9. Qb5+ Nfd7 10. Bxe7 Qxe7 11. h4 O-O 12. g4 a6 13. Qb3 Nxe5 14. dxe5 Bxg4
15. Qxb6 Nd7 16. Qd4 Bh5 17. e3 Rab8 18. Bxa6 Rb4 19. Qd2 Nxe5 20. Be2 Bxe2 21.
Qxe2 Rxb2 22. Qd1 Qb4 23. Rc1 Rc8 24. Rc2 Rxc2 25. Qxc2 Qxc3+ 26. Qxc3 Rxc3 27.
Kd2 Ra3 28. Ra1 Nc4+ 29. Kc2 Kf8 30. Kc1 Ke7 31. Kc2 Kf6 32. e4 dxe4 33. Re1
Rxa2+ 34. Kb3 Rxf2 35. Kxc4 Rf4 36. Kd4 Rxh4 37. Ke3 g5 38. Rf1+ Kg6 39. Kd4 Rf4
40. Rh1 f6 41. Ke3 h5 42. Rd1 h4 43. Rh1 Kf5 44. Rc1 h3 45. Rh1 Rf3+ 46. Ke2 g4
47. Rh2 g3 48. Rxh3 g2 49. Rxf3+ exf3+ 50. Kf2 e5 51. Kg1 e4 52. Kf2 Kf4 53. Kg1
Ke3 54. Kh2 Kf2 {White resigns} 0-1

[Event "Team 45 45 League T48"]
[Site "Internet Chess Club"]
[Date "2011.02.13"]
[Round "1"]
[White "quotha"]
[Black "Frankly"]
[Result "1-0"]
[WhiteElo "1670"]
[BlackElo "1826"]
[Opening "Queen's pawn game, Darooha variation "]
[ECO "D02"]
[Time "07:01:55"]
[TimeControl "2700+45"]

1. Nf3 d5 2. d4 Nf6 3. h3 c5 4. e3 Nc6 5. Bb5 e6 6. O-O Bd6 7. dxc5 Bxc5 8. Ne5
Qc7 9. Ng4 Nxg4 10. Qxg4 O-O 11. Nc3 Ne5 12. Qh5 a6 13. Bd3 Nxd3 14. cxd3 b5 15.
Bd2 Bb7 16. Rac1 Qd6 17. Ne2 Rac8 18. Bc3 Ba7 19. Qg4 e5 20. Ng3 Rfe8 21. Nf5
Qf6 22. Bb4 Kh8 23. Nd6 Rxc1 24. Nxe8 Rxf1+ 25. Kxf1 Qg6 26. Qd7 Qc6 27. Qe7
Qc1+ 28. Be1 Bc5 29. Qxf7 {Black resigns} 1-0

[Event "Team 45 45 League T48"]
[Site "Internet Chess Club"]
[Date "2011.02.15"]
[Round "1"]
[White "fileman"]
[Black "qs16"]
[Result "1-0"]
[WhiteElo "1914"]
[BlackElo "1648"]
[Opening "Sicilian: Grand Prix attack"]
[ECO "B21"]
[Time "14:02:46"]
[TimeControl "2700+45"]

1. e4 c5 2. f4 d5 3. exd5 Qxd5 4. Nc3 Qd8 5. Nf3 Nc6 6. Bb5 Bd7 7. O-O a6 8.
Bxc6 Bxc6 9. Ne5 Qc7 10. d4 e6 11. Be3 Rd8 12. Ne2 b5 13. c3 Nf6 14. f5 Bd5 15.
fxe6 Bxe6 16. Nf4 Qc8 17. Qf3 Nd5 18. Nxe6 Qxe6 19. Nxf7 Qxe3+ 20. Qxe3+ Nxe3
21. Rae1 cxd4 22. cxd4 Rxd4 23. Rxe3+ Kd7 24. Nxh8 Bc5 25. Ree1 Rh4+ 26. Kh1 Bd6
27. h3 Kc6 28. Nf7 Bc7 29. Ne5+ Kd5 30. Ng4 Rh5 31. Rf7 Bg3 32. Rxg7 Bxe1 33.
Nf6+ Kc4 34. Nxh5 Kd3 35. Rc7 Ba5 {Black resigns} 1-0